 Dungeon Crawl Stone Soup version 0.20.1-1-g8b1a95d (webtiles) character file.

3069 schauveau the Carver (level 9, 0/85 HPs)
             Began as a Minotaur Berserker on Dec 3, 2017.
             Was an Elder of Trog.
             Slain by a two-headed ogre
             ... wielding a +0 giant club
              (27 damage)
             ... on level 8 of the Dungeon.
             The game lasted 00:11:30 (6291 turns).

schauveau the Carver (Minotaur Berserker)           Turns: 6291, Time: 00:11:31

Health: 0/85       AC: 12    Str: 24    XL:     9   Next: 58%
Magic:  8/8        EV: 10    Int:  4    God:    Trog [****..]
Gold:   402        SH:  0    Dex: 11    Spells: 8/8 levels left

rFire    . . .     SeeInvis .   a - +2 falchion (slice)
rCold    . . .     Gourm    +   (no shield)
rNeg     . . .     Faith    .   o - +0 scale mail
rPois    .         Spirit   .   u - +1 hat
rElec    .         Reflect  .   (no cloak)
rCorr    .         Harm     .   A - +0 pair of gloves
MR       .....                  l - +0 pair of boots
Stlth    ..........             H - amulet of the gourmand
Regen    0.3/turn               B - +3 ring of protection
MPRegen  0.2/turn               (no ring)

@: no status effects
A: retaliatory headbutt, horns 2
a: Berserk, Trog's Hand, Brothers in Arms, Burn Spellbooks, Renounce Religion


You were on level 8 of the Dungeon.
You worshipped Trog.
Trog was greatly pleased with you.
You were not hungry.

You visited 1 branch of the dungeon, and saw 8 of its levels.

You collected 402 gold pieces.

Inventory:

Hand Weapons
 a - a +2 falchion of slicing (weapon)
 q - a +0 falchion
 w - a +1 flail of holy wrath
 x - a +0 long sword
Missiles
 g - 8 tomahawks of returning
 y - 3 tomahawks (quivered)
Armour
 l - a +0 pair of boots (worn)
 o - a +0 scale mail (worn)
 u - a +1 hat (worn)
 A - a +0 pair of gloves (worn)
Jewellery
 B - a +3 ring of protection (left hand)
 H - an amulet of the gourmand (around neck)
Wands
 d - a wand of scattershot (5/9)
 k - a wand of disintegration (10/24)
 G - a wand of lightning (6/15)
Scrolls
 i - 2 scrolls of teleportation
 p - a scroll of magic mapping
 r - a scroll of remove curse
 t - 3 scrolls of recharging {unknown}
 z - 2 scrolls of noise {unknown}
 E - a scroll of identify
Potions
 b - 4 potions of mutation
 e - 2 potions of lignification
 f - 3 potions of curing
 j - 3 potions of might
 n - 2 potions of heal wounds
 s - 2 potions of agility
 v - a potion of flight
 F - a potion of haste
Books
 C - a book of Geomancy

   Spells                             Type                      Level
   a - Sandblast                      Earth                        1
   b - Passwall                       Transmutation/Earth          2
   c - Stone Arrow                    Conjuration/Earth            3
   d - Petrify                        Transmutation/Earth          4
   e - Lee's Rapid Deconstruction     Earth                        5
   Trog disapproves of the use of such an item.
Comestibles
 c - 3 bread rations
 h - 8 meat rations
 m - 2 fruits
 D - 2 royal jellies


   Skills:
 + Level 9.8 Fighting
 * Level 13.2 Long Blades
 - Level 2.4 Armour
 - Level 2.1 Dodging


You had 8 spell levels left.
You didn't know any spells.

Dungeon Overview and Level Annotations

Branches:
Dungeon (8/15)             Temple (0/1) D:5
   Lair: D:8-11

Altars:
Ashenzari

Shops:
D:7 %


Innate Abilities, Weirdness & Mutations

You reflexively headbutt those who attack you in melee.
You have a pair of horns on your head.


Message History

You barely miss the two-headed ogre. You headbutt the two-headed ogre.
The two-headed ogre is moderately wounded.
You slash the two-headed ogre!
The two-headed ogre is heavily wounded.
The two-headed ogre hits you with a giant club!!
The two-headed ogre hits you with a dire flail!
You hit the two-headed ogre.
The two-headed ogre is heavily wounded.
Your scale mail prevents you from hitting the two-headed ogre.
The two-headed ogre is heavily wounded.
The two-headed ogre hits you with a giant club.
The two-headed ogre hits you with a dire flail!
You barely miss the two-headed ogre.
You headbutt the two-headed ogre, but do no damage.
The two-headed ogre is heavily wounded.
You hit the two-headed ogre but do no damage.
You headbutt the two-headed ogre!
The two-headed ogre is severely wounded.
The two-headed ogre hits you with a giant club!!
You die...

##### #....####
### #....## ###
#@# #...###.. #O#
##......# #h##
##...... #Oh#
##.###.. #..##
#####...##..
##....#.<.#..)###.
#..O.........# ##
.........O.>.# ##
.....h.......# #.


You could see a two-headed ogre, an ogre and 2 howler monkeys.

Vanquished Creatures
  A two-headed ogre (D:7)
  Pikel (D:7)
  A wyvern (D:7)
  A basilisk (D:7)
  A sky beast (D:5)
  A slave (D:7)
  An orc warrior (D:6)
  An ice beast (D:7)
  2 phantoms
  4 ogres
  2 centaurs
  A big kobold (D:7)
  2 bullfrogs (D:6)
  A wight (D:7)
  A quasit (D:6)
  2 orc priests
  4 orc wizards
  An iguana (D:6)
  3 worker ants
  A hound skeleton (D:5)
  2 worker ant zombies
  6 adders
  3 oozes
  2 adder zombies
  An adder skeleton (D:7)
  A worm (D:1)
  2 dart slugs
  5 leopard geckos
  27 orcs
  A ball python (D:1)
  6 giant cockroaches
  12 goblins
  9 hobgoblins
  8 kobolds
  3 quokkas (D:5)
  12 bats
  5 frilled lizards
  7 rats
144 creatures vanquished.

Notes
Turn   | Place    | Note
-------+----------+-------------------------------------------
     0 | D:1      | schauveau the Minotaur Berserker began the quest for the Orb.
     0 | D:1      | Reached XP level 1. HP: 19/19 MP: 0/0
    40 | D:2      | Reached skill level 4 in Long Blades
    43 | D:2      | Reached XP level 2. HP: 13/27 MP: 1/1
   542 | D:1      | Reached XP level 3. HP: 23/33 MP: 2/2
   638 | D:1      | Reached ** piety under Trog
   798 | D:2      | Reached skill level 5 in Long Blades
  1498 | D:3      | Reached XP level 4. HP: 37/40 MP: 3/3
  1874 | D:3      | Reached *** piety under Trog
  1994 | D:3      | Reached skill level 6 in Long Blades
  1994 | D:3      | Reached XP level 5. HP: 40/47 MP: 4/4
  2302 | D:5      | Entered Level 5 of the Dungeon
  2417 | D:4      | Reached skill level 5 in Fighting
  2624 | D:4      | Reached skill level 7 in Long Blades
  3110 | D:5      | Noticed a sky beast
  3116 | D:5      | Killed a sky beast
  3116 | D:5      | Reached XP level 6. HP: 56/56 MP: 5/5
  3216 | D:5      | Found a shattered altar of Ashenzari.
  3263 | D:5      | Found a staircase to the Ecumenical Temple.
  3280 | D:5      | Reached skill level 8 in Long Blades
  3363 | D:5      | Reached XP level 7. HP: 36/63 MP: 6/6
  3753 | D:6      | Reached skill level 9 in Long Blades
  3794 | D:6      | Reached **** piety under Trog
  3839 | D:6      | Reached XP level 8. HP: 42/73 MP: 7/7
  3947 | D:6      | Reached skill level 10 in Long Blades
  4950 | D:7      | Found Dyfoggia's Food Shoppe.
  4956 | D:7      | Noticed Pikel
  4984 | D:7      | Killed Pikel
  4984 | D:7      | Reached skill level 11 in Long Blades
  5407 | D:7      | Reached skill level 12 in Long Blades
  5407 | D:7      | Reached XP level 9. HP: 40/82 MP: 8/8
  5444 | D:7      | HP: 4/83 [wight/spear (6)]
  5444 | D:7      | HP: 1/83 [wight/spear (3)]
  6017 | D:8      | Noticed a two-headed ogre
  6030 | D:8      | Noticed a two-headed ogre
  6042 | D:7      | Killed a two-headed ogre
  6042 | D:7      | Reached skill level 13 in Long Blades
  6291 | D:8      | Slain by a two-headed ogre

Skill      XL: |  1  2  3  4  5  6  7  8  9 |
---------------+----------------------------+-----
Long Blades    | 4 5 6 7 8 9 12 13 | 13.2
Fighting       | 4 5 6 7 8 9 |  9.8
Armour         | |  2.4
Dodging        | |  2.1

Action                   |  1- 3 |  4- 6 |  7- 9 || total
-------------------------+-------+-------+-------++-------
Melee: Falchion          |    69 |   133 |   178 ||   380
       Headbutt          |    10 |    29 |    44 ||    83
Throw: Tomahawk          |       |       |    12 ||    12
  Use: Scroll            |     7 |     5 |     4 ||    16
       Potion            |       |       |     4 ||     4
 Stab: Sleeping          |     1 |       |       ||     1
  Eat: Chunk             |     2 |     6 |     3 ||    11
       Meat ration       |       |       |     1 ||     1
       Fruit             |       |       |     1 ||     1
Armor: Animal skin       |    18 |     2 |       ||    20
       Scale mail        |       |    77 |    72 ||   149
Dodge: Dodged            |    68 |    58 |    76 ||   202
       Rpst.: Falchion   |    17 |    16 |    16 ||    49
